 Dungeon Crawl Stone Soup version 0.30.1-6-gbe392663c4 (webtiles) character file.

Game seed: 1680970052092015093

212 jurchenman the Magician (level 5, -2/28 HPs)
             Began as a Deep Elf Fire Elementalist on Sept 19, 2023.
             Slain by a kobold brigand
             ... wielding a +0 short sword
              (3 damage)
             ... in a sewer on Sept 20, 2023.
             The game lasted 00:13:00 (2510 turns).

jurchenman the Magician (DEFE)                      Turns: 2510, Time: 00:13:01

Health: -2/28      AC:  2    Str:  5    XL:     5   Next: 58%
Magic:  8/14       EV: 12    Int: 22    God:
Gold:   94         SH:  0    Dex: 15    Spells: 7/13 levels left

rFire   . . .        g - +4 shortbow "Vinwy" {speed, rPois rC+}
rCold   + . .        (shield currently unavailable)
rNeg    . . .        a - +0 robe
rPois   +            (no helmet)
rElec   .            (no cloak)
rCorr   .            (no gloves)
SInv    .            (no boots)
Will    .....        (no amulet)
Stlth   ++           (no ring)
HPRegen 0.24/turn    (no ring)
MPRegen 0.14/turn

%: no passive effects
@: slowed, very slow
A: no striking features
a: no special abilities


You were in a sewer.
You visited 1 branch of the dungeon, and saw 3 of its levels.
You also visited: Sewer.

You collected 94 gold pieces.

Inventory:

Hand Weapons
 e - a +0 heavy dagger
 g - the +4 shortbow "Vinwy" (weapon) {speed, rPois rC+}
   (You found it on level 2 of the Dungeon)

   rC:        It protects you from cold.
   rPois:     It protects you from poison.
Missiles
 k - 4 javelins
 l - a throwing net
Armour
 a - a +0 robe (worn)
Wands
 h - a wand of flame (20)
Scrolls
 f - a scroll of silence
Potions
 b - 2 potions of magic
 d - a potion of haste
 i - a potion of ambrosia {unknown}
 j - a potion of might
 m - a potion of heal wounds {unknown}


   Skills:
 + Level 2.0 Ranged Weapons
 - Level 2.4 Dodging
 - Level 2.4 Stealth
 + Level 4.7 Spellcasting
 + Level 3.1 Conjurations
 + Level 2.4 Hexes
 + Level 4.4 Fire Magic


You had 7 spell levels left.
You knew the following spells:

 Your Spells              Type           Power      Damage    Failure   Level
a - Foxfire               Conj/Fire      84%        2x1d8     2%          1
b - Scorch                Fire           48%        2d7       2%          2
c - Inner Flame           Hex/Fire       20%        N/A       8%          3

Your spell library contained the following spells:

 Spells                   Type           Power      Damage    Failure   Level
 Volatile Blastmotes      Fire/Tloc      30%        2d12      12%         3
 Flame Wave               Conj/Fire      21%        2d8       22%         4


Dungeon Overview and Level Annotations

Branches:
Dungeon (3/15)              Sewer (1/1)

Altars:

Annotations:
D:3 1 runed translucent door, Crazy Yiuf


Message History

The kobold brigand's fire resistance burns away.
You feel sick.
You are no longer poisoned.
The kobold throws a stone.
The stone hits you but does no damage.
The kobold brigand throws a curare-tipped dart.
The curare-tipped dart hits you.
You have difficulty breathing.
You feel yourself slow down.
Casting: Scorch (safe; 2% risk of failure)
Confirm with . or Enter, or press ? or * to list all spells.
Flames lash the kobold.
The kobold is heavily wounded.
The kobold's fire resistance burns away.
Casting: Scorch (safe; 2% risk of failure)
Confirm with . or Enter, or press ? or * to list all spells.
Flames lash the kobold.
The kobold is burned terribly!
You kill the kobold!
The kobold brigand is no longer more vulnerable to fire.
The kobold brigand misses you.
The kobold brigand hits you with a +0 short sword.
The kobold attacks as you move away! The kobold hits you but does no damage.
The kobold throws a stone.
The stone closely misses you. The kobold brigand closely misses you.
Okay, then.
Fire: g) +4 shortbow "Vinwy" {speed, rPois rC+}
Press: ? - help, Q - select action, (/) - cycle Shift-Dir - straight line, f/p - kobold brigand
Aim: a kobold brigand, wielding a +0 whip and quivering curare-tipped darts (heavily wounded, 58% to hit)
You shoot an arrow. The arrow hits the kobold brigand.
The kobold brigand is severely wounded.
The kobold brigand misses you. The kobold closely misses you.
The kobold throws a stone.
The stone hits you but does no damage.
Fire: g) +4 shortbow "Vinwy" {speed, rPois rC+}
Press: ? - help, Q - select action, (/) - cycle Shift-Dir - straight line, f/p - kobold brigand
Aim: a kobold brigand, wielding a +0 whip and quivering curare-tipped darts (severely wounded, 58% to hit)
You shoot an arrow. The arrow misses the kobold brigand.
The kobold brigand closely misses you.
The kobold brigand hits you with a +0 whip!
* * * LOW HITPOINT WARNING * * *
The kobold closely misses you.
The kobold brigand hits you with a +0 short sword.
You die...

#......#~≈~~††......
#..)...#~≈~~~~......
#..)...#~≈~~P.†..P.#
##.....#~≈~#~.....##
#.....#~~~#~~....##
#.....#~≈~#P~.....#
##.....#~≈~#.P..P..P
##.KKK.~#~≈~#......P.
##..K@.~~#~≈ #........
#.....P~~~~≈~#P~.....#
#......~P#~~~#~~.....#
##.....~P~~~≈~#~~.....#
#.....P.~~#~≈~#~~.PPP.#
#........P#~≈~~P~P.....
##........#~≈~~~~~.....
#........#~≈~~~~P..###
#......~P#~~~~~~~....#


You could see 2 kobold brigands and 2 kobolds.

Vanquished Creatures
  A kobold brigand (Sewer)
  3 gnolls (D:3)
  2 adders
  6 dart slugs
  13 ball pythons
  5 endoplasms
  6 giant cockroaches
  4 goblins
  3 hobgoblins
  7 jackals
  5 quokkas
  13 bats
  2 frilled lizards
  13 kobolds
  9 rats
92 creatures vanquished.

Vanquished Creatures (others)
  63 foxfires
63 creatures vanquished.

Grand Total: 155 creatures vanquished

Notes
Turn   | Place    | Note
-------+----------+-------------------------------------------
     0 | D:1      | jurchenman the Deep Elf Fire Elementalist began the quest
                  | for the Orb.
     0 | D:1      | Reached XP level 1. HP: 10/10 MP: 6/6
   145 | D:1      | Upgraded the game from 0.30.1-5-ged363bc7ee to
                  | 0.30.1-6-gbe392663c4
   180 | D:1      | Reached XP level 2. HP: 15/15 MP: 5/8
   230 | D:1      | Learned a level 2 spell: Scorch
   755 | D:1      | Reached XP level 3. HP: 18/19 MP: 8/10
  1201 | D:1      | Learned a level 3 spell: Inner Flame
  1369 | D:2      | Identified the +4 shortbow "Vinwy" {speed, rPois rC+}
  1442 | D:2      | Reached XP level 4. HP: 19/24 MP: 12/12
  1466 | D:2      | Reached skill level 1 in Hexes
  1797 | D:2      | You fall into a shaft and drop 1 floor!
  1961 | D:3      | Reached skill level 1 in Ranged Weapons
  1998 | D:3      | Found a runed translucent door.
  1999 | D:3      | Noticed Crazy Yiuf
  2105 | D:3      | Found a glowing drain.
  2150 | Sewer    | Entered a sewer
  2217 | Sewer    | Reached XP level 5. HP: 28/28 MP: 11/13
  2510 | Sewer    | HP: 1/28 [kobold brigand/+0 whip (9)]
  2510 | Sewer    | Slain by a kobold brigand

Illustrated notes

Levels and vault maps discovered:
D:1:      lightli_iron_boxes, layout_loops_ring, hangedman_decor_clover_reticule
D:2:      minmay_inner_zag, layout_basic, minmay_door_square,
          kennysheep_generic_room_7
D:3:      layout_loops_ring, mainiacjoe_overflow_alcove_2, gup_sewer_entry_pipe,
          dreamdust_ecumenical_altar_hidden_monk_grotto, grunt_ministairs_3,
          uniq_crazy_yiuf_cottage, uniq_grinder, uniq_jessica, uniq_natasha
Sewer:    kennysheep_pipe_town

Skill      XL: |  1  2  3  4  5 |
---------------+----------------+-----
Conjurations   | 2 3 |  3.1
Spellcasting   | 4 |  4.7
Fire Magic     | 4 |  4.4
Hexes          | 1 2 |  2.4
Ranged Weapons | 1 2 |  2.0
Dodging        | |  2.4
Stealth        | |  2.4

Action                     |  1- 3 |  4- 6 || total
---------------------------+-------+-------++-------
  Melee: Dagger            |    29 |       ||    29
         Punch             |     1 |       ||     1
   Fire: Shortbow          |     9 |    38 ||    47
   Cast: Foxfire           |    37 |     4 ||    41
         Scorch            |     2 |    31 ||    33
    Use: Scroll            |     9 |     6 ||    15
   Stab: Sleeping          |     6 |       ||     6
 Armour: Robe              |     6 |     7 ||    13
  Dodge: Dodged            |    24 |    18 ||    42
